 Dungeon Crawl Stone Soup version 0.19.5 (webtiles) character file.

113 mcbry the Poker (level 4, -11/37 HPs)
             Began as a Merfolk Monk on May 8, 2017.
             Killed from afar by an adder (45 damage)
             ... with an exploding inner flame
             ... hexed by the player character
             ... on level 3 of the Dungeon.
             The game lasted 00:14:15 (2039 turns).

mcbry the Poker (Merfolk Monk)                      Turns: 2039, Time: 00:14:15

Health: -11/37     AC:  5    Str: 11    XL:     4   Next: 96%
Magic:  4/4        EV: 15    Int: 10    God:    Xom [..*...]
Gold:   85         SH:  0    Dex: 16    Spells: 0 memorised, 3 levels left

rFire  . . .     SeeInvis .     a - +0 spear
rCold  . . .     Gourm    .     b - +2 robe
rNeg   . . .     Faith    .     (no shield)
rPois  .         Spirit   .     (no helmet)
rElec  .         Reflect  .     (no cloak)
rCorr  .         Harm     .     i - +0 pair of gloves
MR     .....                    (no boots)
Stlth  ++........               l - amulet of magic regeneration
                                (no ring)
                                (no ring)

@: lethally poisoned (-11 -> -13)
A: change form in water, swift swim, stealthy swim
a: Renounce Religion


You were on level 3 of the Dungeon.
You worshipped Xom.
You were a toy of Xom.
You were not hungry.

You visited 1 branch of the dungeon, and saw 3 of its levels.

You collected 85 gold pieces.

Inventory:

Hand Weapons
 a - a +0 spear (weapon)
Missiles
 g - 2 tomahawks (quivered)
 m - 15 poisoned needles
Armour
 b - a +2 robe (worn)
 i - a +0 pair of gloves (worn)
Jewellery
 l - an amulet of magic regeneration (around neck)
Scrolls
 e - a scroll of enchant armour
 j - 2 scrolls of remove curse
 n - a scroll of identify
 p - a scroll of fog {unknown}
 q - 3 scrolls of noise {unknown}
 r - a scroll of fear {unknown}
 t - a scroll of magic mapping {unknown}
Potions
 f - 2 potions of agility {unknown}
 s - 2 potions of lignification {unknown}
Comestibles
 c - 2 bread rations
 d - a fruit
 h - 3 meat rations
 k - a beef jerky


   Skills:
 + Level 3.8 Fighting
 + Level 5.7 Polearms
 * Level 2.3 Throwing
 + Level 4.4 Dodging
 + Level 2.7 Stealth


You had 3 spell levels left.
You didn't know any spells.

Dungeon Overview and Level Annotations

Branches:
Dungeon (3/15)

Altars:
Dithmenos
Makhleb
Xom
Yredelemnul


Message History

The adder is severely wounded.
The adder closely misses you. The adder completely misses you.
You hit the adder but do no damage.
The adder is severely wounded.
The adder bites you.
You are poisoned.
The adder poisons you!
You barely miss the adder.
The adder is severely wounded.
You feel sick. The adder closely misses you.
You hit the adder.
The adder explodes!
The fiery explosion engulfs the ball python.
The ball python explodes!
The fiery explosion engulfs the ball python.
The ball python explodes!
The fiery explosion engulfs you!
Ouch! That really hurt!
You die...
Xom laughs nastily!

#....#
#########
.#(####.## ###
........# .(.
###.# #..
.######.# ...
#...# #.#
.#### #.# %.
###.†######.#
....# #[# ##§#
#........##.#
.##.###.# #§§
###..###.....
........# #§#
##...#####.#
....##..#
#@#####.....#
#.. ........#
#..........##
### ....##.##
#########.###
.......#
#...######
#.###### #.#
#.#.......
#.#### #.#
##+#...8...
.....# #.#
##.....8.8..
#.##.# ##.###
##.....8._.8.
..##.# #..#.##
##.......8.8..


There were no monsters in sight!

Vanquished Creatures
  A gnoll (D:1)
  3 adders
  3 oozes
  2 worms (D:3)
  2 dart slugs
  A leopard gecko (D:3)
  4 bats
  2 giant cockroaches (D:1)
  6 goblins
  4 hobgoblins
  4 jackals (D:3)
  4 kobolds
  2 quokkas
  5 ball pythons
  A frilled lizard (D:3)
  6 rats
50 creatures vanquished.

Notes
Turn   | Place    | Note
-------+----------+-------------------------------------------
     0 | D:1      | mcbry the Merfolk Monk began the quest for the Orb.
     0 | D:1      | Reached XP level 1. HP: 18/18 MP: 1/1
   310 | D:1      | Reached XP level 2. HP: 21/24 MP: 2/2
   576 | D:1      | Reached XP level 3. HP: 25/29 MP: 3/3
   597 | D:1      | Reached skill level 1 in Throwing
   885 | D:2      | Reached skill level 5 in Polearms
  1057 | D:2      | Found a basalt altar of Yredelemnul.
  1194 | D:2      | Reached XP level 4. HP: 36/37 MP: 4/4
  1292 | D:2      | Found a shimmering altar of Xom.
  1298 | D:2      | Became a worshipper of Xom of Chaos
  1775 | D:3      | XOM: harmless Summ miscast
  1783 | D:3      | Found a shadowy altar of Dithmenos.
  1787 | D:3      | Found a burning altar of Makhleb.
  1874 | D:3      | Found a faded altar of an unknown god.
  1887 | D:3      | XOM: harmless Pois miscast
  2039 | D:3      | Killed from afar by an adder

Skill      XL: |  1  2  3  4 |
---------------+-------------+-----
Throwing       | 1 2 |  2.3
Polearms       | 5 |  5.7
Fighting       | |  3.8
Dodging        | |  4.4
Stealth        | |  2.7

Action                   |  1- 3 |  4- 6 || total
-------------------------+-------+-------++-------
Melee: Spear             |    93 |    78 ||   171
Throw: Tomahawk          |    25 |    31 ||    56
  Use: Scroll            |     2 |     3 ||     5
 Stab: Sleeping          |     4 |       ||     4
       Distracted        |       |     1 ||     1
  Eat: Chunk             |       |     3 ||     3
       Fruit             |       |     1 ||     1
Armor: Robe              |     7 |    12 ||    19
Dodge: Dodged            |    39 |    38 ||    77
